 Dungeon Crawl Stone Soup version 0.30-a0-458-g86641cc369 (webtiles) character file.

Game seed: 803871416070666624

124180 bande the Severer (level 16, -8/104 HPs)
             Began as a Gargoyle Fighter on Dec 14, 2022.
             Was the Champion of Okawaru.
             Mangled by a merfolk impaler
             ... wielding a +0 trident
              (11 damage)
             ... on level 1 of the Shoals on Dec 15, 2022.
             The game lasted 00:48:06 (25853 turns).

bande the Severer (Gargoyle Fighter)               Turns: 25853, Time: 00:48:07

Health: -8/104     AC: 40    Str: 28    XL:     16   Next: 92%
Magic:  0/34       EV:  5    Int:  9    God:    Okawaru [******]
Gold:   2603       SH: 21    Dex: 18    Spells: 15/15 levels left

rFire   . . .      SeeInvis .    k - +10 broad axe of Wiotoz {flame, rC+ Str+3 Dex+2}
rCold   + . .      Faith    .    F - +3 tower shield "Derysarr" {+Inv rElec Dex+2 Stlth+}
rNeg    + . .      Spirit   +    v - +0 plate armour
rPois   ∞          Reflect  .    V - +2 hat {Will+}
rElec   +          Harm     .    o - scarf {repulsion}
rCorr   .          Rampage  .    D - +2 pair of gloves {hurl}
Will    ++...                    I - +2 pair of boots
Stlth   ..........               s - amulet of guardian spirit
HPRegen 0.37/turn                n - +4 ring of protection
MPRegen 0.24/turn                N - ring of magical power

@: flying, repel missiles
A: sickness immunity, AC +12, big wings, negative energy resistance 1,
electricity resistance, torment resistance 1, petrification resistance, horns 2,
strong 1
a: Renounce Religion, Evoke Invisibility, Heroism, Finesse, Duel


You were on level 1 of the Shoals.
You worshipped Okawaru.
Okawaru was exalted by your worship.
You visited 6 branches of the dungeon, and saw 26 of its levels.
You also visited: Gauntlet.

You collected 2603 gold pieces.

Inventory:

Hand Weapons
 k - the +10 broad axe of Wiotoz (weapon) {flame, rC+ Str+3 Dex+2}
   (You acquired it on level 8 of the Dungeon)

   It burns those it strikes, dealing additional fire damage.
   Big, fiery blades are also staple armaments of hydra-hunters.
   Str:       It affects your strength (+3).
   Dex:       It affects your dexterity (+2).
   rC:        It protects you from cold.
 J - a +1 broad axe of venom
Missiles
 R - 6 javelins (quivered)
Armour
 o - a scarf of repulsion (worn)
 v - a +0 plate armour (worn)
 D - a +2 pair of gloves of hurling (worn)
 F - the +3 tower shield "Derysarr" (worn) {+Inv rElec Dex+2 Stlth+}
   (Okawaru gifted it to you on level 3 of the Lair of Beasts)

   Dex:       It affects your dexterity (+2).
   rElec:     It insulates you from electricity.
   +Inv:      It lets you turn invisible.
   Stlth:     It makes you more stealthy.
 I - a +2 pair of boots (worn)
 V - a +2 hat of willpower (worn)
Jewellery
 c - an amulet of regeneration
 n - a +4 ring of protection (left hand)
 q - a +6 ring of strength
 s - an amulet of guardian spirit (around neck)
 A - an amulet of faith
 M - an amulet of magic regeneration
 N - a ring of magical power (right hand)
 O - a ring of wizardry
 Q - a +6 ring of intelligence
 S - a +6 ring of strength
 U - a ring of resist corrosion
Wands
 b - a wand of polymorph (2)
 j - a wand of flame (29)
 T - a wand of digging (8)
Scrolls
 e - 8 scrolls of fog
 g - 8 scrolls of teleportation
 l - a scroll of fear
 w - a scroll of amnesia
 x - 4 scrolls of magic mapping
 y - 5 scrolls of blinking
 z - 5 scrolls of enchant weapon
 B - 3 scrolls of poison
 E - 6 scrolls of identify
 K - a scroll of enchant armour
 L - a scroll of silence
Potions
 a - 2 potions of mutation
 d - 7 potions of might
 f - 2 potions of brilliance
 h - 5 potions of ambrosia
 i - 4 potions of berserk rage
 m - 10 potions of curing
 p - 5 potions of cancellation
 r - 3 potions of haste
 t - a potion of invisibility
 u - 2 potions of resistance
 G - 4 potions of heal wounds
Miscellaneous
 H - a condenser vane
 P - a phial of floods


   Skills:
 + Level 13.0 Fighting
 + Level 16.9 Axes
 + Level 12.1 Armour
 + Level 12.4 Shields
 * Level 13.0 Invocations
 * Level 8.4 Evocations


You had 15 spell levels left.
You didn't know any spells.
Your spell library contained the following spells:

 Spells                   Type           Power      Damage    Failure   Level
 Freeze                   Ice            0%         1d3       100%        1
 Necrotise                Necr           0%         1d4       100%        1
 Scorch                   Fire           0%         2d5       100%        2
 Frozen Ramparts          Ice            0%         1d1       100%        3
 Gell's Gravitas          Tloc           0%         N/A       100%        3
 Hailstorm                Conj/Ice       0%         3d3       100%        3
 Ignite Poison            Fire/Tmut/Pois 0%         N/A       100%        3
 Kindle Blastsparks       Fire/Tloc/Air  0%         2d10      100%        3
 Lesser Beckoning         Tloc           0%         N/A       100%        3
 Ozocubu's Armour         Ice            0%         N/A       100%        3
 Teleport Other           Tloc           0%         N/A       100%        3
 Vampiric Draining        Necr           0%         2d6       100%        3
 Flame Wave               Conj/Fire      0%         2d4       100%        4
 Passage of Golubria      Tloc           0%         N/A       100%        4
 Agony                    Necr           0%         N/A       100%        5
 Fireball                 Conj/Fire      0%         3d3       100%        5
 Freezing Cloud           Conj/Ice/Air   0%         6-21      100%        5
 Iskenderun's Battlesphe  Conj           0%         2d6       100%        5
 Yara's Violent Unravell  Hex/Tmut       0%         3d3       100%        5
 Conjure Ball Lightning   Conj/Air       0%         3x3d6     100%        6
 Enfeeble                 Hex            0%         N/A       100%        7
 Orb of Destruction       Conj           0%         9d5       100%        7
 Chain Lightning          Conj/Air       0%         N/A       100%        9
 Tukima's Dance           Hex            Unusable   N/A       N/A         3
 Summon Cactus Giant      Summ           Unusable   N/A       N/A         6

Dungeon Overview and Level Annotations

Branches:
Dungeon (15/15)            Temple (1/1) D:6            Lair (5/5) D:10
 Shoals (1/4) Lair:3       Spider (0/4) Lair:3        Slime (0/5) Lair:4
    Orc (2/2) D:11            Elf (2/3) Orc:2        Vaults (0/5) D:13
 Depths (0/4) D:15        Gauntlet (visited)

Altars:
Ashenzari
Cheibriados
Dithmenos
Elyvilon
Fedhas
Gozag
Hepliaklqana
Kikubaaqudgha
Makhleb
Nemelex Xobeh
Okawaru
Qazlal
Ru
Sif Muna
Trog
Uskayaw
Vehumet
Wu Jian
Xom
Yredelemnul
Zin
The Shining One
Jiyva

Shops:
D:13 [*:   Orc:1 !   Orc:2 :**?

Annotations:
D:5 2 transporters
D:15 2 transporters, exclusion: orange crystal statue, Higod's ghost, journeyman SpEn
Elf:1 2 transporters


Innate Abilities, Weirdness & Mutations

You are immune to sickness and miasma.
Your stone body is resilient. (AC +12)
You are immune to poison.
Your large and strong wings let you fly.
You resist negative energy. (rN+)
You are resistant to electric shocks. (rElec)
You are resistant to unholy torment.
You are immune to petrification.
You have a pair of horns on your head.
Your muscles are strong. (Str +4, Int/Dex -1)


Message History

You slash the merfolk! You burn the merfolk.
You kill the merfolk!
Okawaru accepts your kill.
You hear a splash.
You slice the merfolk!! You burn the merfolk.
You kill the merfolk!
Okawaru accepts your kill.
You hear a splash. x2
The merfolk impaler hits you but does no damage.
The merfolk hits you from afar with a +0 trident.
* * * LOW HITPOINT WARNING * * *
Unknown command.
The merfolk impaler hits you but does no damage. x2
You block the merfolk's attack.
Things that are here:
a +0 trident; a merfolk corpse
Found a stone staircase leading down.
You block the merfolk impaler's attack. You block the merfolk's attack.
The merfolk impaler hits you but does no damage.
Things that are here:
a +0 glaive; 3 boomerangs; a merfolk corpse You miss the merfolk impaler.
You headbutt the merfolk impaler!
The merfolk impaler is lightly wounded.
The merfolk impaler hits you with a +0 trident.
* * * LOW HITPOINT WARNING * * *
The merfolk hits you from afar with a +0 trident!
* * * LOW HITPOINT WARNING * * *
You slice the merfolk impaler!! You burn the merfolk impaler.
The merfolk impaler is heavily wounded.
You block the merfolk impaler's attack.
The merfolk hits you from afar with a +0 trident.
* * * LOW HITPOINT WARNING * * *
The merfolk impaler hits you with a +0 trident!
* * * LOW HITPOINT WARNING * * *
You slice the merfolk impaler!! You burn the merfolk impaler!
Your headbutt misses the merfolk impaler.
The merfolk impaler is almost dead.
The merfolk impaler barely misses you. You block the merfolk's attack.
The merfolk impaler hits you with a +0 trident!
You die...

≈≈~~~~~~≈≈≈≈≈≈≈≈≈≈
≈≈≈≈~~~~≈≈≈≈≈≈≈≈≈≈
≈≈~~≈~~~~~~~≈≈≈≈≈~
≈~~≈~~≈~~~~~~~~~~~
~~≈≈~~≈~~~~~~~~~~~
≈≈≈≈≈≈≈~~~~~~~~~~~
≈≈~≈≈~~~~)~~~~....
≈~.~~~~)~~<~~..#
....~~~@~....###
##..~~~m~m..##
##.~~~~~..##
#.~~~~..##
....~~~..#
~....~~~..#
~~~....####
~~~.>##


You could see a merfolk impaler and a merfolk.

Vanquished Creatures
  Rupert (Orc:2)
  Frances (D:12)
  A deep elf sorcerer (Elf:1)
  The ghost of Lobster4 the Summoner, a journeyman HOSu of Hepliaklqana (Lair:5)
  A caustic shrike skeleton (D:15)
  Nessos (D:12)
  A deep elf demonologist (Elf:2)
  A minotaur (Gauntlet)
  A yaktaur captain (D:11)
  Josephine (D:10)
  A rakshasa (D:13)
  7 hydras
  A spriggan zombie (D:15)
  2 catoblepae (Lair:3)
  7 boulder beetles
  3 centaur warriors
  2 tengu warriors (D:13)
  9 death yaks
  A titan zombie (D:15)
  5 two-headed ogres
  6 dancing weapons (Elf:1)
  A hell hog (Gauntlet)
  9 deep elf knights
  2 skeletal warriors (D:15)
  A deep troll (D:13)
  A fire crab (Gauntlet)
  A flayed ghost (D:15)
  A spectral hydra (Lair:5)
  Pikel (D:9)
  4 deep elf archers
  A lindwurm (D:13)
  11 deep elf pyromancers
  A necromancer (D:15)
  18 deep elf zephyrmancers
  A fire giant zombie (D:15)
  2 orc knights
  6 cyclopes
  17 ugly things
  A mana viper (shapeshifter) (D:13)
  4 manticores
  8 orc sorcerers (Orc:2)
  A merfolk siren (Lair:3)
  10 elephants
  Joseph (D:7)
  2 black mambas
  A water nymph (shapeshifter) (D:13)
  Maurice (D:11)
  11 cane toads
  A guardian serpent (shapeshifter) (D:14)
  2 kobold demonologists
  2 minotaur zombies (Gauntlet)
  2 rime drakes
  Psyche (D:8)
  4 komodo dragons
  A rime drake (shapeshifter) (D:13)
  5 yaktaurs (D:15)
  An unseen horror (D:12)
  An efreet (D:14)
  3 merfolk (Shoals:1)
  3 polar bears
  A queen bee (D:15)
  9 trolls
  2 meliai (D:15)
  5 hornets
  Grinder (D:3)
  6 slime creatures (D:14)
  8 blink frogs (Lair:2)
  2 dream sheep (Lair:5)
  An air elemental (Elf:1)
  A centaur simulacrum (D:15)
  2 water elementals
  2 shadows
  14 spriggans (Lair:5)
  A spriggan (shapeshifter) (D:14)
  8 wyverns
  7 wraiths
  3 vampires
  3 basilisks
  7 fire bats (Gauntlet)
  35 yaks
  3 hogs (D:14)
  3 steam dragons
  5 vampire mosquitoes
  A hydra simulacrum (Lair:5)
  3 acid dragons
  5 hell hounds (Gauntlet)
  6 wargs (Orc:2)
  12 water moccasins
  6 black bears
  14 orc warriors
  2 black bears (shapeshifter)
  8 boggarts
  3 black mamba simulacra (Lair:5)
  25 wolves (Lair:5)
  10 ogres
  2 phantoms
  15 centaurs
  A lemure (D:9)
  2 kobold brigands
  15 bullfrogs
  2 earth elementals (Elf:2)
  A cane toad simulacrum (Lair:5)
  8 wights
  24 killer bees
  4 howler monkeys
  A hound (D:5)
  3 jellies
  9 orc priests
  4 iguanas
  48 orc wizards
  Robin (D:2)
  6 gnolls
  5 adders
  9 river rats (D:7)
  3 shadow imps
  2 ufetubi
  2 worms (D:2)
  A dart slug (D:4)
  97 orcs
  13 endoplasms
  2 giant cockroaches
  7 goblins
  8 hobgoblins
  2 quokkas
  7 ball pythons
  7 bats
  5 frilled lizards
  18 kobolds
  20 rats
776 creatures vanquished.

Vanquished Creatures (others)
  Kirke (D:14)
  3 deep elf knights
  A wizard (Gauntlet)
  A deep elf pyromancer (Elf:1)
  A deep elf zephyrmancer (Elf:1)
  An unseen horror (D:11)
  2 fire elementals (Elf:1)
  An adder (D:6)
  An orc (Orc:2)
  14 fungi
  21 plants
  7 withered plants (D:15)
54 creatures vanquished.

Grand Total: 830 creatures vanquished

Notes
Turn   | Place    | Note
-------+----------+-------------------------------------------
     0 | D:1      | bande the Gargoyle Fighter began the quest for the Orb.
     0 | D:1      | Reached XP level 1. HP: 14/14 MP: 1/1
   243 | D:1      | Reached XP level 2. HP: 19/19 MP: 2/2
   436 | D:1      | Found a faded altar of an unknown god.
   534 | D:1      | Reached skill level 2 in Axes
   534 | D:1      | Reached XP level 3. HP: 23/23 MP: 3/3
   739 | D:2      | Noticed Robin
   755 | D:2      | Killed Robin
  1200 | D:2      | Reached XP level 4. HP: 29/29 MP: 4/4
  1868 | D:3      | Noticed Grinder
  1878 | D:3      | Paralysed by Grinder for 3 turns
  1886 | D:3      | Killed Grinder
  1887 | D:3      | Reached skill level 4 in Axes
  1887 | D:3      | Reached XP level 5. HP: 14/33 MP: 5/5
  1887 | D:3      | Reached XP level 6. HP: 16/38 MP: 6/6
  2651 | D:4      | Reached skill level 5 in Axes
  2651 | D:4      | Reached XP level 7. HP: 42/44 MP: 7/7
  2786 | D:4      | Reached skill level 5 in Armour
  3399 | D:5      | Entered Level 5 of the Dungeon
  3609 | D:4      | Reached skill level 6 in Axes
  3609 | D:4      | Reached XP level 8. HP: 38/48 MP: 6/8
  3742 | D:5      | Reached skill level 5 in Fighting
  3840 | D:5      | Gained mutation: You are vulnerable to heat. (rF-) [potion
                  | of mutation]
  3841 | D:5      | Lost mutation: You are vulnerable to heat. (rF-) [potion of
                  | mutation]
  3841 | D:5      | Gained mutation: You are dopey. (Int -2) [potion of
                  | mutation]
  3841 | D:5      | Gained mutation: You occasionally lose the ability to drink
                  | potions when taking damage. [potion of mutation]
  3841 | D:5      | Gained mutation: You have a pair of small horns on your
                  | head. [potion of mutation]
  3904 | D:5      | Reached skill level 7 in Axes
  4101 | D:5      | Found a transporter.
  4119 | D:5      | Found a transporter.
  4456 | D:6      | Found a staircase to the Ecumenical Temple.
  4479 | Temple   | Entered the Ecumenical Temple
  4490 | Temple   | Became a worshipper of Warmaster Okawaru
  4527 | D:6      | Reached XP level 9. HP: 52/55 MP: 7/9
  4554 | D:6      | Reached skill level 8 in Axes
  4696 | D:6      | Reached skill level 1 in Invocations
  4829 | D:7      | Noticed a hornet
  4873 | D:6      | Killed a hornet
  4874 | D:6      | Reached skill level 5 in Shields
  5062 | D:7      | Reached * piety under Okawaru
  5961 | D:7      | Noticed Joseph
  5981 | D:7      | Killed Joseph
  5981 | D:7      | Reached ** piety under Okawaru
  5982 | D:7      | Reached skill level 9 in Axes
  6303 | D:7      | Noticed a hornet
  6316 | D:7      | Killed a hornet
  6317 | D:7      | Reached XP level 10. HP: 36/61 MP: 5/12
  7266 | D:8      | Found a burning altar of Makhleb.
  7266 | D:8      | Found a shimmering altar of Xom.
  7266 | D:8      | Found a broken altar of Ashenzari.
  7267 | D:8      | Found a radiant altar of Vehumet.
  7368 | D:8      | Identified the +0 ring mail of the Seven Quests {Stlth+}
  7748 | D:8      | Noticed Psyche
  7761 | D:8      | Killed Psyche
  7761 | D:8      | Reached *** piety under Okawaru
  7985 | D:8      | Identified a scroll of acquirement
  7985 | D:8      | Acquired the +10 broad axe of Wiotoz {flame, rC+ Str+3
                  | Dex+2}
  8127 | D:8      | Found a bloodstained altar of Trog.
  8148 | D:8      | Noticed a two-headed ogre
  8154 | D:8      | Killed a two-headed ogre
  8155 | D:8      | Reached skill level 10 in Axes
  8155 | D:8      | Reached skill level 5 in Invocations
  8544 | D:9      | Reached **** piety under Okawaru
  8554 | D:9      | Noticed Pikel
  8565 | D:9      | Killed Pikel
  8566 | D:9      | Reached XP level 11. HP: 67/67 MP: 13/15
  9071 | D:9      | Found a hide-covered altar of Uskayaw.
  9143 | D:9      | Reached skill level 11 in Axes
  9185 | D:9      | Found an opulent altar of Gozag.
  9432 | D:10     | Entered Level 10 of the Dungeon
  9483 | D:10     | Noticed a two-headed ogre
  9489 | D:10     | Killed a two-headed ogre
  9489 | D:10     | Reached ***** piety under Okawaru
  9718 | D:10     | Noticed Josephine
  9724 | D:10     | Killed Josephine
  9850 | D:10     | Found a staircase to the Lair.
  9920 | D:10     | Received a gift from Okawaru
 10160 | Lair:1   | Entered Level 1 of the Lair of Beasts
 10295 | Lair:1   | Reached skill level 12 in Axes
 10479 | Lair:1   | Reached XP level 12. HP: 67/75 MP: 15/17
 10892 | Lair:2   | Received a gift from Okawaru
 10923 | Lair:2   | Noticed a seven-headed hydra
 10930 | Lair:2   | Killed a five-headed hydra
 11047 | Lair:2   | Reached skill level 13 in Axes
 11207 | Lair:2   | Noticed a six-headed hydra
 11214 | Lair:2   | Killed a two-headed hydra
 11516 | Lair:2   | Reached skill level 1 in Evocations
 11839 | Lair:3   | Noticed a catoblepas
 11848 | Lair:3   | Killed a catoblepas
 12118 | Lair:3   | Noticed a catoblepas
 12125 | Lair:3   | Killed a catoblepas
 12126 | Lair:3   | Reached skill level 10 in Armour
 12275 | Lair:3   | Reached XP level 13. HP: 79/80 MP: 19/19
 12318 | Lair:3   | Found a staircase to the Shoals.
 12324 | Lair:3   | Reached ****** piety under Okawaru
 12324 | Lair:3   | Identified the +3 tower shield "Derysarr" {+Inv rElec Dex+2
                  | Stlth+} (Okawaru gifted it to you on level 3 of the Lair of
                  | Beasts)
 12324 | Lair:3   | Received a gift from Okawaru
 12396 | Lair:3   | Found a hole to the Spider Nest.
 13203 | Lair:4   | Reached skill level 10 in Fighting
 13369 | Lair:4   | Reached skill level 14 in Axes
 13706 | Lair:4   | Found a viscous altar of Jiyva.
 13707 | Lair:4   | Found a staircase to the Slime Pits.
 14004 | Lair:5   | Entered Level 5 of the Lair of Beasts
 14197 | Lair:5   | Identified the -1 pair of gloves of Asceticism {rN+}
                  | (Okawaru gifted it to you on level 5 of the Lair of Beasts)
 14197 | Lair:5   | Received a gift from Okawaru
 14303 | Lair:5   | Reached skill level 10 in Invocations
 14506 | Lair:5   | Gained mutation: Your large and strong wings let you fly.
                  | [Gargoyle growth]
 14506 | Lair:5   | Reached XP level 14. HP: 88/88 MP: 21/21
 14596 | Lair:5   | Identified the +7 rapier "Cuex" {speed, rN+}
 14598 | Lair:5   | Identified the +4 ring mail "Feteqitu" {+Blink Fly Int+4
                  | Dex-2}
 15173 | Lair:5   | Found a runed translucent gate.
 15173 | Lair:5   | Found a runed translucent gate.
 15173 | Lair:5   | Found a runed translucent gate.
 15174 | Lair:5   | Noticed Lobster4's ghost (journeyman HOSu)
 15853 | Lair:5   | Killed Lobster4's ghost
 15854 | Lair:5   | Reached skill level 5 in Evocations
 16789 | D:11     | Got Ulefahip's Essays on the Tempest and the Winter
 16965 | D:11     | Found a staircase to the Orcish Mines.
 16965 | D:11     | Noticed Maurice
 16970 | D:11     | Killed Maurice
 17074 | D:12     | Reached skill level 15 in Axes
 17229 | D:12     | Noticed Frances
 17248 | D:12     | Killed Frances
 17248 | D:12     | Received a gift from Okawaru
 18262 | D:12     | Noticed Nessos
 18275 | D:12     | Killed Nessos
 18313 | D:12     | Lost mutation: You occasionally lose the ability to drink
                  | potions when taking damage. [potion of mutation]
 18313 | D:12     | Lost mutation: You are dopey. (Int -2) [potion of mutation]
 18313 | D:12     | Gained mutation: You have a pair of horns on your head.
                  | [potion of mutation]
 18313 | D:12     | Gained mutation: Your muscles are strong. (Str +4, Int/Dex
                  | -1) [potion of mutation]
 18354 | D:13     | Received a gift from Okawaru
 18367 | D:13     | Found Kughoqo's Antique Armour Shoppe.
 18428 | D:13     | Reached skill level 10 in Shields
 18662 | D:13     | Found Taxon's Book Emporium.
 18684 | D:13     | Reached XP level 15. HP: 85/95 MP: 21/23
 18745 | D:13     | Found Quvoakio's Changing Room.
 18992 | D:13     | Found a gate to the Vaults.
 19354 | D:14     | Found a gate leading to a gauntlet.
 19361 | Gauntlet | Entered a Gauntlet
 19361 | Gauntlet | Found a transporter.
 19361 | Gauntlet | Found a transporter.
 19365 | Gauntlet | Found a transporter.
 19365 | Gauntlet | Found a transporter.
 19367 | Gauntlet | Found a large runed translucent door.
 19368 | Gauntlet | Found a large runed translucent door.
 19369 | Gauntlet | Found a large runed translucent door.
 19369 | Gauntlet | Found a runed translucent door.
 19370 | Gauntlet | Found a large runed translucent door.
 19370 | Gauntlet | Found a large runed translucent door.
 19376 | Gauntlet | Found a transporter.
 19383 | Gauntlet | Found a large runed translucent door.
 19384 | Gauntlet | Found a large runed translucent door.
 19384 | Gauntlet | Found a large runed translucent door.
 19386 | Gauntlet | Found a runed translucent gate.
 19406 | Gauntlet | Found a transporter.
 19492 | Gauntlet | Found a large runed translucent door.
 19497 | Gauntlet | Found a transporter.
 19500 | Gauntlet | Found a large runed translucent door.
 19501 | Gauntlet | Found a large runed translucent door.
 19501 | Gauntlet | Found a large runed translucent door.
 19501 | Gauntlet | Found a runed translucent door.
 19502 | Gauntlet | Found a large runed translucent door.
 19503 | Gauntlet | Found a large runed translucent door.
 19504 | Gauntlet | Found a large runed translucent door.
 19504 | Gauntlet | Found a large runed translucent door.
 19517 | Gauntlet | Found a runed translucent gate.
 19517 | Gauntlet | Found a runed translucent gate.
 19518 | Gauntlet | Found a transporter.
 19540 | Gauntlet | Received a gift from Okawaru
 19582 | Gauntlet | Identified the +2 pair of gloves "Qolam" {rCorr Str+5
                  | Stlth-}
 19615 | Gauntlet | Found a transporter.
 19617 | Gauntlet | Found a transporter.
 19625 | Gauntlet | Found a transporter.
 19829 | Gauntlet | Found a transporter.
 19891 | Gauntlet | Identified the +1 robe of the Skies Above {Rampage rN+
                  | Str+2 Dex+4}
 20426 | D:14     | Noticed Kirke
 20429 | D:14     | Noticed a sphinx
 20438 | D:14     | Noticed a sphinx
 20623 | D:15     | Entered Level 15 of the Dungeon
 21138 | D:15     | Found a staircase to the Depths.
 21173 | D:15     | Reached skill level 16 in Axes
 21518 | D:15     | Received a gift from Okawaru
 21666 | D:15     | Noticed Higod's ghost (journeyman SpEn)
 21861 | D:15     | Found a transporter.
 21867 | D:15     | Found a transporter.
 22071 | D:15     | Reached XP level 16. HP: 94/101 MP: 25/25
 22233 | D:14     | Killed Kirke
 22480 | Orc:1    | Entered Level 1 of the Orcish Mines
 22600 | Orc:1    | Found Ippuneasm's Distillery.
 22849 | Orc:2    | Entered Level 2 of the Orcish Mines
 23311 | Orc:2    | Noticed Rupert
 23328 | Orc:2    | Killed Rupert
 23344 | Orc:2    | Found Fuifate Sala's General Store.
 23344 | Orc:2    | Found Vockepir's Magic Scroll Boutique.
 23443 | Orc:2    | Found a staircase to the Elven Halls.
 23727 | Orc:2    | Found Quafinkew's Assorted Antiques.
 23749 | Orc:2    | Found Fiusmofe's Book Shoppe.
 23864 | Elf:1    | Entered Level 1 of the Elven Halls
 23907 | Elf:1    | Paralysed by an air elemental for 1 turns
 24168 | Elf:1    | Received a gift from Okawaru
 24271 | Elf:1    | Paralysed by an air elemental for 1 turns
 24273 | Elf:1    | Paralysed by an air elemental for 1 turns
 24312 | Elf:1    | Found a transporter.
 24487 | Elf:1    | Found a transporter.
 24666 | Elf:1    | You are sucked into a shaft and drop 1 floor!
 24748 | Elf:2    | Noticed a Tzitzimitl
 25836 | Shoals:1 | Entered Level 1 of the Shoals
 25852 | Shoals:1 | HP: 3/104 [merfolk impaler/+0 trident (8)]
 25853 | Shoals:1 | Mangled by a merfolk impaler

Illustrated notes

Levels and vault maps discovered:
D:1:      lordsloth_arrival_two_stooges, layout_loops_ring,
          ebering_ecumenical_altar_webs
D:2:      layout_loops_ring, minmay_tetromino_o4, uniq_robin
D:3:      minmay_spotlight, layout_loops_ring, chequers_serial_rivers_small_3,
          uniq_grinder
D:4:      layout_basic, nrook_mini_vaults, kennysheep_opposing_triangles
D:5:      gammafunk_wand_slinger, layout_basic
D:6:      layout_rooms, minmay_temple_entry_stoned_glass, serial_glass,
          glass_columns_c, glass_columns_c, glass_columns_b, glass_columns_a,
          glass_columns_a, glass_columns_a
D:7:      nicolae_whirlpool, layout_layer_cave, dk_rats_in_the_wall, uniq_joseph
D:8:      layout_basic, trog_book, grunt_temple_overflow_open, uniq_psyche
D:9:      layout_basic, lemuel_crystal_altar, kennysheep_little_box, uniq_pikel
D:10:     layout_loops_ring, david_lair_shrubbed, uniq_josephine
D:11:     layout_loops_ring, david_orc_2, nzn_random_ring, uniq_maurice
D:12:     layout_gridville, uniq_nessos, uniq_frances
D:13:     layout_gridville, david_vaults_4, serial_shops,
          nicolae_shop_overgrown_old_shop, kennysheep_mini,
          nicolae_transmutations_shop
D:14:     layout_loops_ring, gauntlet_entry_generic, hangedman_decor_points,
          uniq_kirke
D:15:     gammafunk_depths_entry_grave, layout_loops_cross, special_room
          [special_room_bee], nzn_ghost_randoct, chequers_serial_rivers_small_a
Temple:   nicolae_temple_no_exploring_needed
Lair:1:   layout_hall_layers
Lair:2:   layout_hall_layers, infiniplex_staircase_pool_2
Lair:3:   layout_layer_cave, minmay_shoals_entry_lonely_mermaid,
          dummy_spider_entry
Lair:4:   layout_small_grid, nicolae_slime_entry_slimehenge
Lair:5:   minmay_lair_end_enchanted_forest, layout_cave_pods,
          gammafunk_ghost_necromancy
Shoals:1: layout_shoals, uniq_louise
Orc:1:    layout_caves, serial_shops, shop
Orc:2:    st_orc_town, layout_diamond_mine, uniq_rupert
Elf:1:    gammafunk_the_bubble [the_bubble_gammafunk_grid], layout_loops_cross,
          ebering_ghost_inner_flame, minmay_elf_annihilation
Elf:2:    nicolae_elf_blades_crystal_corner, layout_gridlike, serial_shops,
          shop, minmay_elf_sorcery

Skill      XL: |  1  2  3  4  5  6  7  8  9 10 11 12 13 14 15 16 |
---------------+-------------------------------------------------+-----
Axes           | 2 4 5 6 7 9 10 12 13 14 15 16 | 16.9
Armour         | 4 5 6 7 8 9 10 11 12 | 12.1
Shields        | 4 5 6 7 8 10 11 12 | 12.4
Fighting       | 4 5 6 7 8 9 10 11 12 13 | 13.0
Invocations    | 3 5 7 9 10 11 12 13 | 13.0
Evocations     | 2 4 6 7 8 |  8.4

Action                   |  1- 3 |  4- 6 |  7- 9 | 10-12 | 13-15 | 16-18 || total
-------------------------+-------+-------+-------+-------+-------+-------++-------
Melee: War axe           |    83 |    75 |   301 |   123 |       |       ||   582
       Headbutt          |       |       |    34 |    76 |   192 |    72 ||   374
       Broad axe         |       |       |       |   247 |   764 |   356 ||  1367
  Use: Scroll            |     4 |     4 |    12 |     7 |     7 |     2 ||    36
       Potion            |       |       |     2 |       |     2 |     1 ||     5
Armor: Scale mail        |    43 |    32 |    27 |       |       |       ||   102
       Plate armour      |       |       |   243 |   355 |   600 |   184 ||  1382
Dodge: Dodged            |    43 |    34 |    98 |   127 |   158 |    28 ||   488
       Repelled          |       |       |       |     4 |     3 |     7 ||    14
Block: Buckler           |    15 |    15 |    78 |   121 |       |       ||   229
       Tower shield      |       |       |       |       |  1016 |   321 ||  1337

Table legend: (Time is in decaauts)
 A = Elapsed time spent in this place.
 B = Non-inter-level travel time spent in this place.
 C = Inter-level travel time spent in this place.
 D = Time resting spent in this place.
 E = Time spent auto-exploring this place.
 F = Levels seen in this place.
 G = Mean time per level.
                   A        B        C        D        E       F      G
               +--------+--------+--------+--------+--------+-----+--------+
         Total |  26129 |  25375 |    754 |   4689 |  14902 |  27 |  967.7 |
       Dungeon |  16183 |  15671 |    512 |   2797 |   9554 |  15 | 1078.9 |
        Temple |     19 |     12 |      7 |      0 |      0 |   1 |   19.0 |
          Lair |   6248 |   6013 |    235 |    739 |   4033 |   5 | 1249.6 |
        Shoals |     16 |     16 |      0 |      0 |      0 |   1 |   16.0 |
  Orcish Mines |   1525 |   1525 |      0 |    155 |    946 |   2 |  762.5 |
   Elven Halls |   1487 |   1487 |      0 |    740 |    254 |   2 |  743.5 |
      Gauntlet |    648 |    648 |      0 |    258 |    115 |   1 |  648.0 |
               +--------+--------+--------+--------+--------+-----+--------+

Top non-repeatable levels by time:
     D:7: 2131 daAuts
    D:14: 1533 daAuts
  Lair:5: 1509 daAuts
  Lair:4: 1448 daAuts
  Lair:3: 1427 daAuts
    D:12: 1334 daAuts
   Elf:1: 1185 daAuts
     D:8: 1177 daAuts
     D:9: 1124 daAuts
     D:3: 1069 daAuts
  Lair:2: 1057 daAuts
    D:15: 1042 daAuts
   Orc:2: 1002 daAuts
    D:11: 996 daAuts
     D:4: 959 daAuts
